 Dungeon Crawl Stone Soup version 0.31-a0-1074-g0b22e4e0f1 (webtiles) character file.

Game seed: 12690234213499947622

80 jvmiller the Slasher (level 4, -8/40 HPs)
             Began as a Draconian Cinder Acolyte on Nov 28, 2023.
             Was a High Priest of Ignis.
             Mangled by IsekaiLord's ghost (14 damage)
             ... on level 3 of the Dungeon.
             The game lasted 00:11:52 (2106 turns).

jvmiller the Slasher (Draconian Cinder Acolyte)     Turns: 2106, Time: 00:11:53

Health: -8/40      AC:  5    Str: 16    XL:     4   Next: 18%
Magic:  5/5        EV: 11    Int: 17    God:    Ignis [*****.]
Gold:   134        SH:  0    Dex:  6    Spells: 3/5 levels left

rFire   + . .        j - +2 hand axe (flame)
rCold   . . .        (no shield)
rNeg    . . .        (body armour unavailable)
rPois   +            (helmet restricted)
rElec   .            (no cloak)
rCorr   .            (no gloves)
SInv    .            (no boots)
Will    .....        (no amulet)
Stlth   +            c - ring of poison resistance
HPRegen 0.26/turn    (no ring)
MPRegen 0.09/turn

%: no passive effects
@: no status effects
A: AC +5, unfitting armour, cold-blooded
a: Renounce Religion, Fiery Armour, Foxfire Swarm, Rising Flame


You were on level 3 of the Dungeon.
You worshipped Ignis.
Ignis was extremely pleased with you.
You visited 1 branch of the dungeon, and saw 3 of its levels.

You collected 134 gold pieces.

Inventory:

Hand Weapons
 a - a -1 falchion of flaming
 j - a +2 hand axe of flaming (weapon)
Jewellery
 c - a ring of poison resistance (left hand)
Wands
 i - a wand of flame (16)
Scrolls
 b - a scroll of noise
 e - 2 scrolls of identify
Potions
 d - 2 potions of enlightenment {unknown}
 f - a potion of heal wounds {unknown}
 g - a potion of degeneration {unknown}
 h - a potion of haste {unknown}


   Skills:
 + Level 3.8 Fighting
 + Level 3.9 Long Blades
 + Level 0.2 Axes
 + Level 1.7 Dodging
 + Level 1.0 Spellcasting
 + Level 3.2 Fire Magic


You had 3 spell levels left.
You knew the following spells:

 Your Spells              Type           Power      Damage    Failure   Level
a - Scorch                Fire           22%        2d5       9%          2

Your spell library contained the following spells:

 Spells                   Type           Power      Damage    Failure   Level
 Slow                     Hex            0%         N/A       22%         1
 Summon Small Mammal      Summ           0%         N/A       22%         1
 Sublimation of Blood     Necr           0%         N/A       32%         2
 Wereblood                Tmut           0%         N/A       32%         2
 Inner Flame              Hex/Fire       6%         N/A       32%         3
 Call Canine Familiar     Summ           0%         N/A       54%         3
 Confusing Touch          Hex            0%         N/A       54%         3
 Sigil of Binding         Hex            0%         N/A       54%         3
 Summon Guardian Golem    Hex/Summ       0%         N/A       54%         3
 Vampiric Draining        Necr           0%         2d6       54%         3
 Yara's Violent Unravell  Hex/Tmut       0%         3d3       99%         5
 Enfeeble                 Hex            0%         N/A       100%        7
 Summon Hydra             Summ           0%         N/A       100%        7


Dungeon Overview and Level Annotations

Branches:
Dungeon (3/15)

Altars:
Uskayaw

Shops:
D:3 =

Annotations:
D:3 IsekaiLord's ghost, amateur TrMo


Innate Abilities, Weirdness & Mutations

Your plain brown scales are hard. (AC +5)
You cannot fit into any form of body armour.
You are cold-blooded and may be slowed by cold attacks.


Message History

Aiming: Throw Flame
Press: ? - help, Q - select action, (/) - cycle Shift-Dir - straight line, f - IsekaiLord's ghost
Aim: IsekaiLord's ghost (lightly damaged, 68% to hit)
The puff of flame hits IsekaiLord's ghost.
IsekaiLord's ghost resists.
IsekaiLord's ghost is lightly damaged.
The bullfrog zombie misses you.
The killer bee zombie barely misses you.
IsekaiLord's ghost hits you. The bullfrog zombie barely misses you.
The killer bee zombie barely misses you.
You slash IsekaiLord's ghost! You burn IsekaiLord's ghost.
IsekaiLord's ghost is moderately damaged.
You barely miss the killer bee zombie. You barely miss the bullfrog zombie.
The killer bee zombie hits you but does no damage.
The bullfrog zombie hits you.
* * * LOW HITPOINT WARNING * * *
The killer bee zombie completely misses you.
IsekaiLord's ghost hits you but does no damage.
You hit IsekaiLord's ghost but do no damage.
IsekaiLord's ghost is moderately damaged.
You miss the killer bee zombie. You closely miss the bullfrog zombie.
The killer bee zombie misses you.
The bullfrog zombie completely misses you.
The killer bee zombie closely misses you.
IsekaiLord's ghost hits you.
* * * LOW HITPOINT WARNING * * *
The bullfrog zombie hits you.
* * * LOW HITPOINT WARNING * * *
The killer bee zombie closely misses you.
You closely miss IsekaiLord's ghost.
IsekaiLord's ghost is moderately damaged.
You closely miss the killer bee zombie. You hit the bullfrog zombie.
You burn the bullfrog zombie.
The killer bee zombie hits you but does no damage.
The bullfrog zombie closely misses you. IsekaiLord's ghost hits you.
* * * LOW HITPOINT WARNING * * *
The killer bee zombie barely misses you.
The bullfrog zombie hits you but does no damage.
IsekaiLord's ghost hits you!
You die...

.# #.####.# ########.# #.
.#####.# #.# #........# #.
.......# #.# #.######## #.
.####### #.# ###### # ###. .# #.#
####.#.#.# #... .#
###.###..#.....# #... .#
#........'....## #... .#
#.#.##..ZZ.../.# #... .#
...#.###.@WZ..$## #... .# #># #.#
#..#.....# #### .# ####.# #.#
####.#.#.########## #.##....# ...
..########........†
##...#######.##.###...#.#########
#.##....#.. . ...................
.######.#.# #.###..............
## #.#.#####.####..#.####.####
#...................##.# #


You could see IsekaiLord's ghost, 2 bullfrog zombies and a killer bee zombie.

Vanquished Creatures
  3 adders
  A dart slug (D:3)
  2 orcs (D:3)
  4 endoplasms
  6 giant cockroaches
  4 goblins
  3 hobgoblins
  5 jackals
  2 kobolds (D:3)
  4 quokkas
  4 ball pythons
  A bat (D:2)
  A frilled lizard (D:3)
  4 rats
44 creatures vanquished.

Notes
Turn   | Place    | Note
-------+----------+-------------------------------------------
     0 | D:1      | jvmiller the Draconian Cinder Acolyte began the quest for
                  | the Orb.
     0 | D:1      | Reached XP level 1. HP: 19/19 MP: 2/2
    93 | D:1      | Reached XP level 2. HP: 26/26 MP: 3/3
    96 | D:1      | Learned a level 2 spell: Scorch
   225 | D:1      | You fall into a shaft and drop 1 floor!
   961 | D:2      | Reached skill level 1 in Dodging
   961 | D:2      | Reached XP level 3. HP: 25/31 MP: 4/4
  1222 | D:2      | Found a hide-covered altar of Uskayaw.
  1750 | D:3      | Reached XP level 4. HP: 40/40 MP: 5/5
  2015 | D:3      | Found Waajob's Jewellery Shoppe.
  2075 | D:3      | Found a runed translucent gate.
  2075 | D:3      | Found a runed translucent gate.
  2075 | D:3      | Found a runed translucent gate.
  2096 | D:3      | Noticed IsekaiLord's ghost (amateur TrMo)
  2106 | D:3      | Mangled by IsekaiLord's ghost

Illustrated notes

Levels and vault maps discovered:
D:1:      dpeg_arrival_rooms_c, layout_rooms, serial_shops, shop, st_stairs_14,
          nicolae_hexahallways, moated_statue
D:2:      layout_basic, basic_altar, serial_bayou_pond_e
D:3:      layout_loops_ring, serial_shops, nicolae_shop_behind_doors,
          gammafunk_ghost_necromancy

Skill      XL: |  1  2 |
---------------+-------+-----
Dodging        | 1 |  1.7
Fighting       | |  3.8
Long Blades    | |  3.9
Axes           | |  0.2
Spellcasting   | |  1.0
Fire Magic     | |  3.2

Action                     |  1- 3 |  4- 6 || total
---------------------------+-------+-------++-------
  Melee: Falchion          |   164 |       ||   164
         Tailslap          |    16 |     1 ||    17
         Punch             |     2 |       ||     2
         Hand axe          |     1 |    32 ||    33
  Evoke: Wand              |       |     1 ||     1
    Use: Scroll            |     3 |       ||     3
 Armour: Skin              |   102 |    35 ||   137
  Dodge: Dodged            |   113 |    36 ||   149

Table legend: (Time is in decaauts)
 A = Elapsed time spent in this place.
 B = Non-inter-level travel time spent in this place.
 C = Inter-level travel time spent in this place.
 D = Time resting spent in this place.
 E = Time spent auto-exploring this place.
 F = Levels seen in this place.
 G = Mean time per level.
                   A        B        C        D        E       F      G
               +--------+--------+--------+--------+--------+-----+--------+
         Total |   2138 |   2138 |      0 |      0 |      0 |   3 |  712.7 |
       Dungeon |   2138 |   2138 |      0 |      0 |      0 |   3 |  712.7 |
               +--------+--------+--------+--------+--------+-----+--------+

Top non-repeatable levels by time:
     D:2: 1104 daAuts
     D:3: 803 daAuts
     D:1: 230 daAuts
